 Dungeon Crawl Stone Soup version 0.31-a0-889-g1a8549509d (webtiles) character file.

Game seed: 7347440581837500415

31515 greenreed the Warrior (level 13, -12/129 HPs)
             Began as a Minotaur Berserker on Oct 16, 2023.
             Was an Elder of Trog.
             Hit by a large rock thrown by a stone giant (30 damage)
             ... on level 13 of the Dungeon.
             The game lasted 00:33:33 (14965 turns).

greenreed the Warrior (Minotaur Berserker)         Turns: 14965, Time: 00:33:33

Health: -12/129    AC: 20    Str: 26    XL:     13   Next: 26%
Magic:  12/12      EV: 11    Int:  4    God:    Trog [****..]
Gold:   1556       SH:  0    Dex: 11    Spells: 12/12 levels left

rFire   . . .        A - +8 quarterstaff "Wifutoom" {flame, rPois rN+ Will+}
rCold   + . .        (shield currently unavailable)
rNeg    + . .        O - +1 plate armour {rC+}
rPois   +            (helmet restricted)
rElec   .            d - +1 cloak
rCorr   .            g - +0 pair of gloves
SInv    .            (no boots)
Will    +++..        (no amulet) Stlth
                     (no ring)
HPRegen 1.41/turn    (no ring)
MPRegen 0.13/turn

%: no passive effects
@: strong-willed, on berserk cooldown, regenerating, slowed, very slow
A: horns 2, retaliatory headbutt
a: Renounce Religion, Berserk, Trog's Hand, Brothers in Arms


You were on level 13 of the Dungeon.
You worshipped Trog.
Trog was greatly pleased with you.
You visited 1 branch of the dungeon, and saw 15 of its levels.
You also visited: Sewer.

You collected 1566 gold pieces.
You spent 10 gold pieces at shops.

Inventory:

Hand Weapons
 h - a +3 war axe of flaming
 u - a +2 flail of holy wrath
 A - the +8 quarterstaff "Wifutoom" (weapon) {flame, rPois rN+ Will+}
   (You found it on level 4 of the Dungeon)

   rPois:     It protects you from poison rN+: It protects you from negative
   energy.
   Will+:     It increases your willpower.
 G - a +2 sling of freezing
 W - a +0 morningstar
Missiles
 y - 4 throwing nets
 J - 4 curare-tipped darts
Armour
 d - a +1 cloak (worn)
 g - a +0 pair of gloves (worn)
 k - a scarf of harm
 O - a +1 plate armour of cold resistance (worn)
 X - a +0 kite shield
Jewellery
 l - a ring of ice
 R - a ring of poison resistance
 T - a +6 ring of dexterity
Wands
 o - a wand of polymorph (5)
 t - a wand of mindburst (7)
 w - a wand of quicksilver (8)
 C - a wand of charming (23)
 I - a wand of flame (47)
 P - a wand of digging (6)
Scrolls
 a - a scroll of noise {unknown}
 c - 8 scrolls of fog
 m - 4 scrolls of fear
 p - 5 scrolls of enchant weapon
 q - 3 scrolls of enchant armour {unknown}
 r - a scroll of butterflies {unknown}
 B - a scroll of identify
 E - 4 scrolls of immolation
 F - 4 scrolls of teleportation
 K - 2 scrolls of vulnerability {unknown}
 M - a scroll of revelation {unknown}
 N - a scroll of blinking {unknown}
 Q - 2 scrolls of poison {unknown}
 S - 2 scrolls of brand weapon {unknown}
 V - a scroll of acquirement {unknown}
Potions
 b - 7 potions of curing
 e - 2 potions of magic {unknown}
 f - 3 potions of cancellation
 i - 2 potions of enlightenment {unknown}
 j - 3 potions of heal wounds {unknown}
 n - 3 potions of might
 s - 3 potions of ambrosia
 v - a potion of haste {unknown}
 x - 3 potions of berserk rage
 z - a potion of mutation {unknown}
 D - 2 potions of brilliance {unknown}
 H - 4 potions of lignification {unknown}
 U - a potion of attraction {unknown}
Miscellaneous
 L - a phial of floods (inert)


   Skills:
 * Level 16.2 Fighting
 - Level 16.0 Maces & Flails
 + Level 11.4 Armour
 + Level 10.4 Dodging


You had 12 spell levels left.
You didn't know any spells.
Your spell library was empty.

Dungeon Overview and Level Annotations

Branches:
Dungeon (15/15)            Temple (0/1) D:4            Lair (0/5) D:11
    Orc (0/2) D:12         Vaults (0/5) D:13          Sewer (visited)
 Depths: D:15

Altars:
Yredelemnul

Shops:
D:3 !   D:11 [

Portals:
Trove: D:10 (give 3 potions of resistance)

Annotations:
D:13 2 runed translucent doors


Innate Abilities, Weirdness & Mutations

You have a pair of horns on your head.
You reflexively headbutt those who attack you in melee.


Message History

You hit the frost giant. You burn the frost giant.
You headbutt the frost giant!
The frost giant is severely wounded.
You bludgeon the frost giant!! You burn the frost giant!
You kill the frost giant!
Trog accepts your kill.
Trog appreciates your killing of a magic user.
A stone giant comes into view.
Things that are here:
a +0 battleaxe of freezing; 13 gold pieces; a frost giant corpse You thump the cyclops!
You burn the cyclops.
The cyclops is moderately wounded.
You bludgeon the cyclops!! You burn the cyclops.
The cyclops is almost dead.
You hear a shout!
You sock the cyclops! You burn the cyclops.
You kill the cyclops!
Trog accepts your kill.
A sphinx comes into view.
The stone giant throws a large rock.
The large rock hits you but does no damage.
There is an open translucent door, spattered with blood here.
You feel a strong urge to attack something.
There is an open door, spattered with blood here.
You are no longer berserk.
You are exhausted.
You feel yourself slow down.
There is an open door here.
There is an open door here.
The stone giant attacks as it pursues you!
The stone giant hits you but does no damage. x2
The stone giant throws a large rock.
The large rock hits you.
The stone giant throws a large rock.
The large rock closely misses you.
The stone giant throws a large rock.
The large rock hits you!!!
* * * LOW HITPOINT WARNING * * *
The stone giant throws a large rock.
The large rock hits you!!
* * * LOW HITPOINT WARNING * * *
Okay, then.
The stone giant throws a large rock.
The large rock hits you!!
You die...

#........#######........
#....######.......##'###
#....'....#.......#...##
#..#.#....#.......#...##
#....#....#.......#...##
#....####'#########...#.
#....#....##...<.#....#.
##.#..#....##.....#....'.
#.......@....)##########.
#.#C########.......#..#..
#.#..# #....#..#..#..
#.#H.# #.#.....#..#..
#.##'# #.#.....#..#..
#.#..# #.......#.....
#.#..# #.............
#.##'####'##.#.###.......
##.#..')('H.#...#.........


You could see a stone giant.

Vanquished Creatures
  A frost giant (D:13)
  Fannar (D:12)
  Harold (D:11)
  2 hydras
  3 centaur warriors (D:13)
  3 boulder beetles
  3 two-headed ogres
  A skeletal warrior (D:13)
  Lodul (D:13)
  A wizard (D:13)
  A deep elf pyromancer (D:13)
  An orc knight (D:13)
  2 deep elf zephyrmancers (D:13)
  2 wolf spiders (D:13)
  An ugly thing (D:12)
  2 cyclopes (D:13)
  Joseph (D:10)
  3 centaur skeletons (D:13)
  Psyche (D:10)
  2 gargoyles
  2 komodo dragons
  An unseen horror (D:12)
  A tengu conjurer (D:13)
  The ghost of pascalblue the Destroyer, a novice DECj (D:5)
  A wind drake (shapeshifter) (D:8)
  6 trolls
  Prince Ribbit (D:6)
  2 hornets
  3 shadows
  2 vampires
  7 slime creatures
  A centaur simulacrum (D:13)
  5 wraiths
  17 yaks
  3 vampire mosquitoes
  Edmund (D:5)
  A water moccasin (D:6)
  3 acid dragons
  10 orc warriors
  An ice beast (D:8)
  A sky beast (D:8)
  2 black bears
  7 ogres
  A boggart (D:13)
  13 centaurs
  14 kobold brigands
  The ghost of viaken the Caller, an amateur TeSu of Fedhas (D:3)
  2 bullfrogs
  3 gnoll sergeants
  2 scorpions
  10 wights
  7 killer bees (D:8)
  2 howler monkeys
  4 jellies
  2 hounds
  9 orc priests
  3 iguanas
  15 orc wizards
  A boggart skeleton (D:13)
  12 gnolls
  15 adders
  2 river rats (Sewer)
  3 shadow imps
  A white imp (D:5)
  2 ufetubi (D:7)
  6 worms
  6 dart slugs
  45 orcs
  5 bats
  11 endoplasms
  8 giant cockroaches
  10 goblins
  11 hobgoblins
  7 jackals
  38 kobolds
  10 quokkas
  7 ball pythons
  4 frilled lizards
  13 rats
417 creatures vanquished.

Notes
Turn   | Place    | Note
-------+----------+-------------------------------------------
     0 | D:1      | greenreed the Minotaur Berserker began the quest for the
                  | Orb.
     0 | D:1      | Reached XP level 1. HP: 19/19 MP: 0/0
    98 | D:1      | Reached XP level 2. HP: 27/27 MP: 1/1
   417 | D:1      | Reached ** piety under Trog
   560 | D:1      | Reached XP level 3. HP: 23/33 MP: 2/2
   938 | D:2      | Found a faded altar of an unknown god.
  1458 | D:2      | Reached XP level 4. HP: 41/41 MP: 3/3
  1597 | D:3      | Found a runed translucent gate.
  1597 | D:3      | Found a runed translucent gate.
  1598 | D:3      | Found a runed translucent gate.
  1607 | D:3      | Identified the +7 spear "Embalmer" {heavy, rF+ rN+ Stlth-}
  1607 | D:3      | Identified the +0 chain mail of the Untouchables {Dex+4}
  1657 | D:3      | Reached *** piety under Trog
  1754 | D:3      | Noticed viaken's ghost (amateur TeSu)
  1820 | D:3      | Found a glowing drain.
  1831 | Sewer    | Entered a sewer
  1963 | Sewer    | Noticed a kobold brigand
  1977 | Sewer    | Killed a kobold brigand
  1978 | Sewer    | Reached skill level 5 in Fighting
  1978 | Sewer    | Reached skill level 5 in Maces & Flails
  1978 | Sewer    | Reached XP level 5. HP: 48/48 MP: 4/4
  2016 | Sewer    | HP: 1/48 [kobold brigand/+0 whip (8)]
  2195 | Sewer    | Reached XP level 6. HP: 56/56 MP: 5/5
  2690 | Sewer    | Reached XP level 7. HP: 51/64 MP: 6/6
  2850 | D:3      | Found Xuas's Distillery.
  2858 | D:3      | Bought a potion of degeneration for 10 gold pieces
  3104 | D:3      | Killed viaken's ghost
  3327 | D:4      | Reached **** piety under Trog
  3590 | D:4      | Found a staircase to the Ecumenical Temple.
  3797 | D:4      | Identified the +8 quarterstaff "Wifutoom" {flame, rPois rN+
                  | Will+}
  4012 | D:5      | Entered Level 5 of the Dungeon
  4125 | D:5      | Noticed Edmund
  4132 | D:5      | Killed Edmund
  4133 | D:5      | Reached skill level 5 in Armour
  4136 | D:5      | Reached XP level 8. HP: 59/73 MP: 7/7
  4551 | D:5      | Found a runed translucent door.
  4551 | D:5      | Noticed pascalblue's ghost (novice DECj)
  4562 | D:5      | Killed pascalblue's ghost
  4563 | D:5      | Reached skill level 5 in Dodging
  4820 | D:6      | Noticed Prince Ribbit
  4825 | D:6      | Noticed a hornet
  4831 | D:6      | Killed a hornet
  4835 | D:6      | Killed Prince Ribbit
  4836 | D:6      | Reached XP level 9. HP: 62/83 MP: 8/8
  5242 | D:6      | Reached ***** piety under Trog
  5372 | D:7      | Received a gift from Trog
  6072 | D:8      | Noticed a five-headed hydra
  6084 | D:8      | Reached skill level 10 in Maces & Flails
  6090 | D:8      | Reached skill level 10 in Fighting
  6102 | D:8      | Killed a five-headed hydra
  6103 | D:8      | Reached XP level 10. HP: 61/94 MP: 9/9
  6118 | D:8      | Noticed a cane toad
  7139 | D:8      | Received a gift from Trog
  8027 | D:9      | Reached XP level 11. HP: 83/105 MP: 10/10
  8805 | D:10     | Entered Level 10 of the Dungeon
  8829 | D:10     | Noticed Joseph
  8845 | D:10     | Killed Joseph
  8974 | D:10     | Noticed Psyche
  8981 | D:10     | Killed Psyche
  9057 | D:10     | Found a basalt altar of Yredelemnul.
  9561 | D:10     | Found a portal to a secret trove of treasure.
  9609 | D:11     | Found a staircase to the Lair.
  9643 | D:11     | Noticed a boulder beetle
  9654 | D:11     | Killed a boulder beetle
  9854 | D:11     | Noticed Harold
  9864 | D:11     | Killed Harold
 10057 | D:11     | Noticed a boulder beetle
 10086 | D:11     | Killed a boulder beetle
 10213 | D:11     | Found Gutraute's Armour Shoppe.
 10234 | D:11     | Noticed a two-headed ogre
 10238 | D:11     | Killed a two-headed ogre
 10875 | D:12     | Found a staircase to the Orcish Mines.
 10886 | D:12     | Reached XP level 12. HP: 110/117 MP: 11/11
 10966 | D:12     | Noticed Fannar
 10977 | D:12     | Killed Fannar
 10978 | D:12     | Reached skill level 10 in Armour
 11050 | D:12     | Noticed a two-headed ogre
 11056 | D:12     | Killed a two-headed ogre
 11367 | D:12     | Received a gift from Trog
 11741 | D:13     | Noticed a boulder beetle
 11746 | D:13     | You fall into a shaft and drop 2 floors!
 11746 | D:15     | Entered Level 15 of the Dungeon
 11818 | D:13     | Killed a boulder beetle
 12042 | D:13     | Found a runed translucent door.
 12043 | D:13     | Noticed a frost giant
 12237 | D:13     | Reached skill level 15 in Maces & Flails
 12291 | D:13     | Noticed a centaur warrior
 12318 | D:13     | Killed a centaur warrior
 12319 | D:13     | Reached skill level 15 in Fighting
 12570 | D:13     | Found a runed translucent door.
 12570 | D:13     | Noticed Lodul
 12663 | D:13     | Found a runed translucent door.
 13106 | D:13     | Noticed a five-headed hydra
 13754 | D:13     | Killed Lodul
 13755 | D:13     | Reached skill level 10 in Dodging
 13800 | D:13     | Noticed a centaur warrior
 13819 | D:13     | Killed a centaur warrior
 13997 | D:13     | Noticed a centaur warrior
 14007 | D:13     | Killed a centaur warrior
 14015 | D:13     | Reached XP level 13. HP: 126/128 MP: 12/12
 14630 | D:13     | Found a gate to the Vaults.
 14948 | D:13     | Killed a frost giant
 14948 | D:13     | Noticed a stone giant
 14952 | D:13     | Noticed a sphinx
 14965 | D:13     | Hit by a large rock thrown by a stone giant

Illustrated notes

Levels and vault maps discovered:
D:1:      sevenhm_arrival_forest_fort_small_3, layout_loops_ring,
          minmay_distorted
D:2:      layout_basic, nicolae_ecumenical_pavilion
D:3:      layout_rooms, gup_sewer_entry_bubbles, biasface_ghost_orc_armoury,
          serial_shops, shop, grunt_ministairs_1
D:4:      layout_loops_ring, temple_pool_b
D:5:      layout_basic, ebering_ghost_inner_flame, grunt_ministairs_8,
          uniq_edmund
D:6:      layout_loops_ring, nrook_mini_backslash, uniq_prince_ribbit1
D:7:      layout_gridville
D:8:      minmay_bloctagon, layout_basic
D:9:      layout_loops_corners, serial_bayou_pond_a, hangedman_minor_gate_pass
D:10:     layout_rooms, overflow_temple_1_default, nicolae_trove_entry_crystal,
          uniq_joseph, uniq_psyche
D:11:     layout_loops_ring, lair_entry_dummy, serial_shops,
          nicolae_shop_behind_doors, uniq_harold
D:12:     minmay_goldmine, layout_loops_cross, orc_0_dummy, uniq_fannar
D:13:     minmay_the_grid_four_pointed_star_mashed
          [minmay_the_grid_triangle_9x9_longest,
          minmay_the_grid_triangle_9x9_negative_grid,
          minmay_the_grid_triangle_9x9_tough_junction,
          minmay_the_grid_triangle_9x9_impossible_snake,
          minmay_the_grid_prize_inner_circle], layout_stronghold,
          hangedman_vaults_entry_quadrant_bands, minivault_13, uniq_lodul
D:14:     layout_loops_ring, minmay_misc_feat_plants,
          gammafunk_ghost_berserking_beasts, uniq_louise
D:15:     grunt_enter_depths_magical_seal, layout_long_grid, uniq_agnes

Skill      XL: |  1  2  3  4  5  6  7  8  9 10 11 12 13 |
---------------+----------------------------------------+-----
Maces & Flails | 4 5 6 7 9 10 12 14 15 16 | 16.0
Fighting       | 4 5 6 7 9 10 12 14 15 16 | 16.2
Armour         | 3 4 5 6 7 8 9 11 | 11.4
Dodging        | 3 4 5 6 7 8 10 | 10.4

Action                     |  1- 3 |  4- 6 |  7- 9 | 10-12 | 13-15 || total
---------------------------+-------+-------+-------+-------+-------++-------
  Melee: Mace              |    94 |     4 |       |       |       ||    98
         Headbutt          |    14 |    16 |    39 |   121 |    13 ||   203
         Flail             |       |   133 |    63 |       |       ||   196
         Punch             |       |     1 |     1 |       |       ||     2
         Quarterstaff      |       |       |   154 |   552 |    60 ||   766
 Invoke: Trog's Hand       |       |     2 |       |     2 |     1 ||     5
         Berserk           |       |     1 |     1 |     8 |     2 ||    12
         Brothers in Arms  |       |       |       |       |     1 ||     1
  Evoke: Phial of floods   |       |       |       |     1 |       ||     1
         Wand              |       |       |       |       |     3 ||     3
    Use: Scroll            |       |       |       |    13 |       ||    13
         Potion            |       |       |       |     1 |       ||     1
 Armour: Animal skin       |    15 |       |       |       |       ||    15
         Ring mail         |    33 |       |       |       |       ||    33
         Scale mail        |    19 |    59 |    15 |       |       ||    93
         Skin              |     1 |       |       |       |       ||     1
         Chain mail        |       |       |   120 |    62 |       ||   182
         Plate armour      |       |       |       |   487 |    79 ||   566
  Dodge: Dodged            |    57 |    60 |    96 |   270 |    34 ||   517

Table legend: (Time is in decaauts)
 A = Elapsed time spent in this place.
 B = Non-inter-level travel time spent in this place.
 C = Inter-level travel time spent in this place.
 D = Time resting spent in this place.
 E = Time spent auto-exploring this place.
 F = Levels seen in this place.
 G = Mean time per level.
                   A        B        C        D        E       F      G
               +--------+--------+--------+--------+--------+-----+--------+
         Total |  15200 |  14768 |    432 |   1966 |  10019 |  16 |  950.0 |
       Dungeon |  14095 |  13663 |    432 |   1958 |   9189 |  15 |  939.7 |
         Sewer |   1104 |   1104 |      0 |      8 |    830 |   1 | 1104.0 |
               +--------+--------+--------+--------+--------+-----+--------+

Top non-repeatable levels by time:
    D:13: 2835 daAuts
    D:12: 1443 daAuts
     D:8: 1428 daAuts
     D:9: 1333 daAuts
   Sewer: 1104 daAuts
    D:11: 1067 daAuts
     D:1: 949 daAuts
    D:10: 810 daAuts
     D:4: 771 daAuts
     D:3: 741 daAuts
     D:7: 707 daAuts
     D:6: 671 daAuts
     D:2: 665 daAuts
     D:5: 651 daAuts
    D:14: 13 daAuts
